 Seeded DCSS version 0.28-a0-1236-gb25a51b929 (webtiles) character file.

Game seed: 10643706488536244051 (custom seed)

171 a11behringer the Slasher (level 5, -3/42 HPs)
             Began as a Formicid Berserker on Dec 25, 2021.
             Was a Believer of Trog.
             Slain by a black bear (5 damage)
             ... on level 4 of the Dungeon.
             The game lasted 00:04:48 (3434 turns).

a11behringer the Slasher (Formicid Berserker)       Turns: 3434, Time: 00:04:48

Health: -3/42      AC:  9    Str: 23    XL:     5   Next: 81%
Magic:  0/5        EV:  8    Int:  7    God:    Trog [**....]
Gold:   177        SH:  0    Dex: 10    Spells: 4/4 levels left

rFire   . . .      SeeInvis +   a - +0 falchion
rCold   . . .      Faith    .   (no shield)
rNeg    . . .      Spirit   +   f - +0 chain mail
rPois   .          Reflect  .   (helmet unavailable)
rElec   .          Harm     .   (no cloak)
rCorr   .          Rampage  .   (no gloves)
Will    .....                   (no boots)
Stlth   ..........              e - amulet of guardian spirit
HPRegen 0.14/turn               (no ring)
MPRegen 0.09/turn               (no ring)

@: no status effects
A: permanent stasis, dig shafts and tunnels, antennae 3, four strong arms
a: Dig, Shaft Self, Renounce Religion, Trog's Hand


You were on level 4 of the Dungeon.
You worshipped Trog.
Trog was pleased with you.
You visited 1 branch of the dungeon, and saw 4 of its levels.

You collected 177 gold pieces.

Inventory:

Hand Weapons
 a - a +0 falchion (weapon)
 g - a +2 short sword of electrocution
Armour
 b - a +0 animal skin
 f - a +0 chain mail (worn)
Jewellery
 e - an amulet of guardian spirit (around neck)
 j - an amulet of magic regeneration
Scrolls
 c - 6 scrolls of teleportation {unknown}
 i - a scroll of noise {unknown}
 k - a scroll of vulnerability {unknown}
 l - a scroll of immolation {unknown}
Potions
 d - a potion of flight {unknown}
 h - a potion of lignification {unknown}


   Skills:
 + Level 4.0 Fighting
 * Level 5.2 Long Blades
 + Level 3.1 Armour
 + Level 1.9 Dodging


You had 4 spell levels left.
You didn't know any spells.
Your spell library was empty.

Dungeon Overview and Level Annotations

Branches:
Dungeon (4/15)
 Temple: D:4-7

Altars:

Shops:
D:2 (

Annotations:
D:4 3 runed translucent doors, Adrian566's ghost, amateur DrFi


Innate Abilities, Weirdness & Mutations

You cannot be hasted, slowed, berserked, paralysed or teleported.
You can dig through walls and to a lower floor.
You have a pair of large antennae on your head. (SInv)
Your four strong arms can wield two-handed weapons with a shield.


Message History

The black bear bites you.
The black bear claws you but does no damage. x2
You hit the black bear but do no damage.
The black bear is heavily wounded.
The black bear barely misses you. The black bear claws you.
The black bear claws you but does no damage.
The black bear bites you. The black bear barely misses you.
The black bear misses you.
You hit the black bear.
The black bear is severely wounded.
The black bear bites you.
* * * LOW HITPOINT WARNING * * *
The black bear barely misses you. The black bear closely misses you.
You hit the black bear.
The black bear is severely wounded.
The black bear goes berserk!
You hit the black bear.
The black bear is almost dead.
The black bear closely misses you. The black bear claws you.
* * * LOW HITPOINT WARNING * * *
The black bear claws you.
* * * LOW HITPOINT WARNING * * *
You hit the black bear but do no damage.
The black bear is severely wounded.
The black bear bites you but does no damage.
The black bear claws you.
* * * LOW HITPOINT WARNING * * *
The black bear closely misses you.
The black bear bites you but does no damage.
The black bear barely misses you. The black bear claws you.
* * * LOW HITPOINT WARNING * * *
You closely miss the black bear.
The black bear is severely wounded.
The black bear barely misses you. The black bear claws you.
* * * LOW HITPOINT WARNING * * *
The black bear claws you but does no damage.
You hit the black bear.
The black bear is almost dead.
The black bear barely misses you. The black bear claws you.
You die...

...(......#
###......#
#......#
#......#
#.:....#
#.####.# #.
##.# #.###..#
.#####.Kh@.##
..>....n####
....##.## #K
... .?...
.......
.......
#......
.......


You could see a black bear (berserk), a necrophage and a kobold.

Vanquished Creatures
  2 orc priests (D:3)
  An orc wizard (D:3)
  An adder (D:2)
  3 worms (D:2)
  A dart slug (D:2)
  8 orcs (D:3)
  5 endoplasms
  2 giant cockroaches (D:3)
  9 goblins
  4 hobgoblins
  2 quokkas
  6 ball pythons
  6 bats
  2 frilled lizards
  2 kobolds
  7 rats (D:2)
61 creatures vanquished.

Notes
Turn   | Place    | Note
-------+----------+-------------------------------------------
     0 | D:1      | a11behringer the Formicid Berserker began the quest for the
                  | Orb.
     0 | D:1      | Reached XP level 1. HP: 18/18 MP: 1/1
   300 | D:1      | Reached XP level 2. HP: 14/24 MP: 2/2
   763 | D:1      | Found a faded altar of an unknown god.
  1530 | D:2      | Reached XP level 3. HP: 29/29 MP: 3/3
  1606 | D:2      | Reached skill level 4 in Long Blades
  1703 | D:2      | Found Reog's Weapon Boutique.
  1901 | D:2      | Reached XP level 4. HP: 24/37 MP: 4/4
  2026 | D:2      | Reached ** piety under Trog
  2810 | D:3      | Reached XP level 5. HP: 36/42 MP: 3/5
  3201 | D:3      | Reached skill level 5 in Long Blades
  3373 | D:4      | Found a runed translucent gate.
  3373 | D:4      | Found a runed translucent gate.
  3375 | D:4      | Found a runed translucent gate.
  3375 | D:4      | Noticed Adrian566's ghost (amateur DrFi)
  3413 | D:4      | Noticed a black bear
  3419 | D:4      | Noticed a necrophage
  3433 | D:4      | HP: 2/42 [black bear (3)]
  3434 | D:4      | Slain by a black bear

Illustrated notes

Levels and vault maps discovered:
D:1:      dpeg_arrival_tiny_d, layout_loops_ring,
          ebering_ecumenical_altar_abandoned, hex_large,
          chequers_serial_rivers_room_a
D:2:      cheibrodos_helix_gallery, layout_rooms, serial_shops, shop
D:3:      layout_loops_ring
D:4:      layout_rooms, minmay_temple_entry_waves, serial_shops, shop,
          gammafunk_ghost_split, uniq_duvessa, uniq_pargi

Skill      XL: |  1  2  3  4  5 |
---------------+----------------+-----
Long Blades    | 4 5 |  5.2
Fighting       | 4 |  4.0
Armour         | 3 |  3.1
Dodging        | |  1.9

Action                   |  1- 3 |  4- 6 || total
-------------------------+-------+-------++-------
Melee: Falchion          |   111 |   111 ||   222
Invok: Trog's Hand       |       |     1 ||     1
 Abil: Dig               |       |     1 ||     1
 Stab: Sleeping          |     1 |       ||     1
Armor: Animal skin       |     6 |       ||     6
       Chain mail        |    67 |    68 ||   135
Dodge: Dodged            |    72 |    43 ||   115

Table legend: (Time is in decaauts)
 A = Elapsed time spent in this place.
 B = Non-inter-level travel time spent in this place.
 C = Inter-level travel time spent in this place.
 D = Time resting spent in this place.
 E = Time spent auto-exploring this place.
 F = Levels seen in this place.
 G = Mean time per level.
                   A        B        C        D        E       F      G
               +--------+--------+--------+--------+--------+-----+--------+
         Total |   3458 |   3397 |     61 |      0 |   2907 |   4 |  864.5 |
       Dungeon |   3458 |   3397 |     61 |      0 |   2907 |   4 |  864.5 |
               +--------+--------+--------+--------+--------+-----+--------+

Top non-repeatable levels by time:
     D:2: 1277 daAuts
     D:1: 1184 daAuts
     D:3: 934 daAuts
     D:4: 62 daAuts
